 Dungeon Crawl Stone Soup version 0.27-a0-1139-g28e009f8a6 (webtiles) character file.

Game seed: 1551835083322069397

2121 Murumi the Basher (level 9, -6/81 (88) HPs)
             Began as an Ogre Gladiator on May 8, 2021.
             Mangled by a wight
             ... wielding a +4 battleaxe
              (15 damage)
             ... on level 7 of the Dungeon.
             The game lasted 00:18:42 (8803 turns).

Murumi the Basher (Ogre Gladiator)                  Turns: 8803, Time: 00:18:43

HP:   -6/81 (88)    AC:  3    Str: 20    XL:     9   Next: 29%
MP:   9/9           EV: 10    Int: 16    God:
Gold: 266           SH:  0    Dex: 13    Spells: 8/8 levels left

rFire    + . .     SeeInvis .   k - +1 whip
rCold    + . .     Faith    .   (no shield)
rNeg     . . .     Spirit   .   b - +0 robe
rPois    .         Reflect  .   c - +0 hat
rElec    .         Harm     .   (no cloak)
rCorr    .         Rampage  .   (gloves unavailable)
Will     .....                  (boots unavailable)
Stlth    ++........             (no amulet)
HPRegen  0.23/turn              e - +4 ring of slaying
MPRegen  0.11/turn              t - ring "Ragefad" {Fly rF+ rC+ Int+4 Dex+3}

@: flying, studying Maces & Flails, drained
A: large, unfitting armour, tough skin 1
a: no special abilities


You were on level 7 of the Dungeon.
You visited 2 branches of the dungeon, and saw 9 of its levels.

You collected 266 gold pieces.

Inventory:

Hand Weapons
 a - a +0 flail
 k - a +1 whip (weapon)
Missiles
 d - 2 throwing nets
 f - 104 stones (quivered)
 i - 16 poisoned darts
 j - 12 boomerangs
 A - a curare-tipped dart
Armour
 b - a +0 robe (worn)
 c - a +0 hat (worn)
Jewellery
 e - a +4 ring of slaying (left hand)
 t - the ring "Ragefad" (right hand) {Fly rF+ rC+ Int+4 Dex+3}
   (You found it on level 5 of the Dungeon)

   [ring of flight]

   It affects your intelligence (+4).
   It affects your dexterity (+3).
   It protects you from fire.
   It protects you from cold.
   It grants you flight.
 y - a ring of poison resistance
 C - a ring of willpower
Wands
 x - a wand of paralysis (12)
 z - a wand of mindburst (22)
 D - a wand of iceblast (9)
Scrolls
 h - a scroll of fear
 l - a scroll of identify
 q - a scroll of amnesia
 r - 2 scrolls of teleportation
 u - 2 scrolls of magic mapping
 v - a scroll of fog
Potions
 g - a potion of might
 m - 2 potions of flight
 n - 2 potions of invisibility
 o - a potion of curing
 p - a potion of lignification
 s - 3 potions of haste
 w - a potion of attraction
 B - a potion of brilliance


   Skills:
 - Level 5.0 Fighting
 - Level 10.0 Maces & Flails
 - Level 7.0 Throwing
 - Level 1.0 Armour
 - Level 3.0 Dodging
 + Level 4.0 Stealth
 - Level 1.0 Evocations


You had 8 spell levels left.
You didn't know any spells.
Your spell library contained the following spells:

 Spells                   Type           Power      Damage    Failure   Level
 Corona                   Hex            0%         N/A       26%         1
 Magic Dart               Conj           0%         1d3       26%         1
 Shock                    Conj/Air       0%         1d3       26%         1
 Blink                    Tloc           N/A        N/A       36%         2
 Call Imp                 Summ           0%         N/A       36%         2
 Ensorcelled Hibernation  Hex/Ice        0%         N/A       36%         2
 Slow                     Hex            0%         N/A       36%         2
 Static Discharge         Conj/Air       0%         N/A       36%         2
 Confusing Touch          Hex            0%         N/A       58%         3
 Conjure Flame            Conj/Fire      0%         6-21      58%         3
 Dazzling Flash           Conj/Hex       0%         N/A       58%         3
 Mephitic Cloud           Conj/Pois/Air  0%         N/A       58%         3
 Swiftness                Air            0%         N/A       58%         3
 Tukima's Dance           Hex            0%         N/A       58%         3
 Airstrike                Air            0%         N/A       94%         4
 Lightning Bolt           Conj/Air       0%         1d11      100%        5


Dungeon Overview and Level Annotations

Branches:
Dungeon (8/15)             Temple (1/1) D:7
   Lair: D:8-11

Altars:
Ashenzari
Cheibriados
Dithmenos
Elyvilon
Fedhas
Hepliaklqana
Kikubaaqudgha
Makhleb
Nemelex Xobeh
Ru
Trog
Uskayaw
Vehumet
Xom
Yredelemnul
Zin


Innate Abilities, Weirdness & Mutations

You are too large for most types of armour.
You have tough skin. (AC +1)


Message History

Search for what [Enter for "."]?
There is a stone staircase leading down here.
You fly downwards.
An orc, a two-headed ogre and 5 wights come into view.
A wight is wielding a +5 spear of freezing.
The two-headed ogre shouts in stereo!
You hear a shout! x3
The wight barely misses you. x2
An orc comes into view. It is wielding a +0 hand axe.
The wight hits you with a +5 spear of freezing!
The wight freezes you. The wight closely misses you.
The wight barely misses you.
Found a trident and a runed trident.
Found an escape hatch in the floor.
There is a stone staircase leading up here.
The orc shouts!
You hear a shout! x2
The wight completely misses you. The wight barely misses you.
The wight hits you with a +5 spear of freezing!
You feel drained. The wight freezes you. The wight barely misses you. x2
You hear a shout!
You fly upwards.
There is a stone staircase leading down here.
The wight hits you with a +4 battleaxe.
You feel drained.
The wight hits you with a +5 spear of freezing.
The wight hits you with a +3 battleaxe!
You feel drained. The wight barely misses you.
The wight hits you from afar with a +5 spear of freezing!
* * * LOW HITPOINT WARNING * * *
The wight freezes you.
* * * LOW HITPOINT WARNING * * *
The wight hits you with a +3 battleaxe!
* * * LOW HITPOINT WARNING * * *
Okay, then.
Press: ? - help, v - describe, . - travel
Here: a wight, wielding a +0 battleaxe and wearing a +0 robe The floor.
Okay, then.
Okay, then.
As you read the scroll of fear, it crumbles to dust.
You assume a fearsome visage.
The wight is unaffected. x4
The wight hits you with a +4 battleaxe!
You die...

#.........##
#.##.(##..##
##.###.)##... ### #..#
##..###. #.##
#.######..... #..##
#..........)# #...###
##....[...##).
#.#..<###.........#..)
#.###@......##.####.##
#...zzz...#....# #.##
#....z....#..### ##.#
#.....>...##.# ##..#
#...)........####..##
#.................###
##...........#......##
#...........#.##.....
#.............###...#


You could see 4 wights.

Vanquished Creatures
  The ghost of temitten the Skirmisher, an amateur DjFE (D:3)
  A shadow (D:6)
  A steam dragon (D:6)
  An ice beast (D:6)
  A black bear (D:6)
  An orc warrior (D:6)
  A necrophage (D:6)
  3 ogres
  A centaur (D:4)
  A kobold brigand (D:7)
  Blork the orc (D:6)
  2 bullfrogs
  A wyvern skeleton (D:5)
  2 jellies
  4 orc priests
  A hound (D:4)
  A bullfrog skeleton (D:5)
  Terence (D:3)
  2 iguanas
  2 orc wizards (D:6)
  2 killer bee zombies
  A hound skeleton (D:4)
  7 adders
  2 hound simulacra (D:3)
  A shadow imp (D:6)
  2 white imps (D:6)
  An ufetubus (D:6)
  2 worms (D:3)
  3 dart slugs
  2 adder simulacra (D:3)
  18 orcs
  5 ball pythons
  3 endoplasms
  2 giant cockroaches
  3 goblins
  6 hobgoblins
  5 jackals (D:3)
  4 quokkas
  3 bats
  4 frilled lizards
  12 kobolds
  A quokka simulacrum (D:3)
  A quokka skeleton (D:4)
  7 rats
126 creatures vanquished.

Notes
Turn   | Place    | Note
-------+----------+-------------------------------------------
     0 | D:1      | Murumi the Ogre Gladiator began the quest for the Orb.
     0 | D:1      | Reached XP level 1. HP: 22/22 MP: 1/1
   126 | D:1      | Reached skill level 3 in Maces & Flails
   250 | D:1      | Reached XP level 2. HP: 31/31 MP: 2/2
   727 | D:1      | Reached skill level 1 in Stealth
   921 | D:2      | Reached XP level 3. HP: 37/37 MP: 3/3
  1027 | D:2      | Found an ancient bone altar of Kikubaaqudgha.
  1192 | D:2      | Identified a scroll of acquirement
  1192 | D:2      | Acquired a manual of Maces & Flails
  1324 | D:2      | Found a faded altar of an unknown god.
  2238 | D:3      | Found a snail-covered altar of Cheibriados.
  2386 | D:3      | Reached XP level 4. HP: 45/45 MP: 4/4
  2386 | D:3      | Noticed Terence
  2393 | D:3      | Reached skill level 4 in Maces & Flails
  2407 | D:3      | Killed Terence
  2408 | D:3      | Reached skill level 5 in Maces & Flails
  2408 | D:3      | Reached XP level 5. HP: 9/53 MP: 5/5
  2751 | D:3      | Found a runed translucent gate.
  2756 | D:3      | Found a runed translucent gate.
  2756 | D:3      | Found a runed translucent gate.
  2921 | D:3      | Noticed temitten's ghost (amateur DjFE)
  3359 | D:4      | Noticed an ogre
  3592 | D:4      | Reached skill level 6 in Maces & Flails
  3592 | D:4      | Reached XP level 6. HP: 55/61 MP: 6/6
  3838 | D:4      | Reached skill level 7 in Maces & Flails
  3930 | D:4      | Reached XP level 7. HP: 67/67 MP: 7/7
  4055 | D:5      | Entered Level 5 of the Dungeon
  4601 | D:5      | Identified the ring "Ragefad" {Fly rF+ rC+ Int+4 Dex+3}
  4735 | D:3      | Killed temitten's ghost
  4736 | D:3      | Reached skill level 8 in Maces & Flails
  5290 | D:5      | Reached skill level 1 in Armour
  5544 | D:5      | Found a hazy altar of Hepliaklqana.
  5814 | D:6      | Reached skill level 5 in Throwing
  5814 | D:6      | Reached XP level 8. HP: 63/78 MP: 8/8
  6330 | D:6      | Reached skill level 9 in Maces & Flails
  6669 | D:6      | Identified the +8 falchion of Oraes {freeze, Dex+3}
  6847 | D:6      | Found a broken altar of Ashenzari.
  6956 | D:6      | Noticed a shadow
  6966 | D:6      | Killed a shadow
  7051 | D:6      | Noticed Blork the orc
  7058 | D:6      | Killed Blork the orc
  7248 | D:6      | Reached skill level 1 in Evocations
  7398 | D:6      | Reached skill level 5 in Fighting
  7408 | D:6      | Reached XP level 9. HP: 33/88 MP: 9/9
  7842 | D:7      | Reached skill level 10 in Maces & Flails
  8103 | D:7      | Found a staircase to the Ecumenical Temple.
  8111 | Temple   | Entered the Ecumenical Temple
  8797 | D:8      | Noticed a two-headed ogre
  8803 | D:7      | Mangled by a wight

Illustrated notes

Levels and vault maps discovered:
D:1:      psy_arrival_radial01, layout_loops_ring
D:2:      layout_loops_corners, basic_altar,
          shapermc_ecumenical_altar_mp_highgroup, serial_co_window_serial,
          co_window_cross_1, co_window_paths_b, co_window_paths_a,
          co_window_paths_a, co_window_of_opportunity_a, co_window_corner_a,
          co_window_paths_a, co_window_broadway_b, co_window_2corner,
          co_window_broadway_b, co_window_of_opportunity_c, co_window_corner_cb,
          glass_columns_a, glass_columns_c, glass_columns_b
D:3:      layout_basic, old_standard_altar, gammafunk_ghost_icy,
          chequers_serial_rivers_small_3, st_stairs_8, minmay_quantized,
          uniq_terence
D:4:      layout_basic
D:5:      layout_cave_pools, nicolae_hepliaklqana_hippocampus,
          minmay_misc_feat_plants, kennysheep_doodads
D:6:      layout_loops_cross, lemuel_tele_altar, uniq_blork_the_orc
D:7:      layout_rooms, minmay_temple_entry_statues_fountains, moated_statue,
          corexii_item_surrounded_by_moat, minmay_misc_feat_roman
D:8:      layout_basic, overflow_temple_1_default, grunt_temple_overflow_open,
          gammafunk_ghost_spectres, chequers_serial_rivers_micro_b
Temple:   nicolae_temple_figure_eight

Skill      XL: |  1  2  3  4  5  6  7  8  9 |
---------------+----------------------------+-----
Fighting       | 3 4 5 |  5.0
Maces & Flails | 3 5 6 7 8 9 10 | 10.0
Dodging        | 3 |  3.0
Stealth        | 1 2 3 4 |  4.0
Throwing       | 3 4 5 6 7 |  7.0
Armour         | 1 |  1.0
Evocations     | 1 |  1.0

Action                   |  1- 3 |  4- 6 |  7- 9 || total
-------------------------+-------+-------+-------++-------
Melee: Flail             |    49 |       |       ||    49
       Whip              |    47 |    77 |   202 ||   326
Throw: Stone             |     1 |    11 |    87 ||    99
       Throwing net      |       |     1 |       ||     1
  Use: Scroll            |     8 |     4 |     8 ||    20
 Stab: Sleeping          |     3 |     6 |     3 ||    12
       Held in net/web   |       |     2 |       ||     2
Armor: Robe              |    22 |    12 |    21 ||    55
Dodge: Dodged            |    45 |    22 |    64 ||   131

Table legend: (Time is in decaauts)
 A = Elapsed time spent in this place.
 B = Non-inter-level travel time spent in this place.
 C = Inter-level travel time spent in this place.
 D = Time resting spent in this place.
 E = Time spent auto-exploring this place.
 F = Levels seen in this place.
 G = Mean time per level.
                   A        B        C        D        E       F      G
               +--------+--------+--------+--------+--------+-----+--------+
         Total |   8736 |   7986 |    750 |    451 |   6623 |   9 |  970.7 |
       Dungeon |   8515 |   7779 |    736 |    451 |   6416 |   8 | 1064.4 |
        Temple |    220 |    207 |     13 |      0 |    207 |   1 |  220.0 |
               +--------+--------+--------+--------+--------+-----+--------+

Top non-repeatable levels by time:
     D:6: 1778 daAuts
     D:3: 1703 daAuts
     D:2: 1190 daAuts
     D:5: 1029 daAuts
     D:4: 952 daAuts
     D:7: 930 daAuts
     D:1: 917 daAuts
  Temple: 220 daAuts
     D:8: 13 daAuts
